Map: Kairos Junction LE

Players

Lambo

  • Race: Zerg Zerg
  • League: Grandmaster
  • Spawn Location: 5:00

Clem - Winner!

  • Race: Terran Terran
  • League: Grandmaster
  • Spawn Location: 11:00

Event: HomeStory Cup XIX

VOD

Have the link to the VOD?

Description

Time

  • Played on: June 27, 2019, 10:30 a.m.
  • Length: 18:45

All games in this series

Show
View Real Time Build Order
Export as new Build Order

Lambo Zerg 

Build Orders: Hatch First 

Get SALT Encoding   

  12  0:00  Drone  
  13  0:12  Overlord  
  13  0:17  Drone  
  14  0:30  Drone x2  
  16  0:47  Hatchery  
  15  0:50  Drone  
  15  0:54  Drone  
  17  0:58  Drone  
  18  1:08  Extractor  
  17  1:12  Spawning Pool  
  17  1:16  Drone  
  17  1:19  Drone  
  18  1:28  Drone  
  19  1:38  Drone  
  20  1:50  Overlord  
  20  2:00  Queen x2  
  20  2:01  Zergling x4  
  26  2:10  Metabolic Boost  
  26  2:11  Drone x2  
  28  2:21  Drone x2  
  29  2:39  Drone, Hatchery  
  29  2:44  Drone  
  29  2:47  Drone  
  29  2:48  Overlord  
  31  2:56  Drone  
  32  2:58  Queen  
  32  2:59  Drone  
  35  3:13  Drone x2  
  35  3:14  Queen  
  35  3:15  Drone  
  40  3:20  Overlord  
  40  3:22  Drone  
  40  3:23  Drone  
  40  3:24  Drone  
  43  3:38  Queen  
  43  3:39  Drone x2  
  47  3:44  Zergling x8  
  51  3:50  Drone, Overlord  
  51  3:53  Queen, Overlord  
  54  3:59  Zergling x2, Baneling Nest  
  54  4:03  Drone x2  
  54  4:08  Drone x2  
  58  4:12  Zergling x2  
  58  4:13  Drone x3  
  62  4:20  Drone  
  62  4:22  Lair, Spore Crawler  
  62  4:24  Drone x2  
  62  4:25  Drone x2  
  62  4:28  Drone  
  67  4:32  Drone  
  67  4:33  Spore Crawler  
  67  4:34  Extractor  
  67  4:35  Zergling x2  
  67  4:36  Extractor  
  66  4:39  Drone  
  66  4:42  Drone  
  69  4:45  Drone x2  
  69  4:46  Spore Crawler  
  69  4:50  Overlord  
  69  4:54  Zergling x6  
  72  5:00  Zergling x4  
  72  5:02  Baneling x3  
  72  5:03  Overlord  
  70  5:08  Overlord  
  70  5:10  Drone x3  
  70  5:11  Drone x3  
  73  5:17  Drone  
  69  5:24  Drone x2  
  69  5:26  Drone  
  69  5:28  Drone x3  
  66  5:36  Drone x4  
  66  5:38  Drone x2  
  66  5:39  Centrifical Hooks  
  72  5:44  Drone  
  72  5:45  Evolution Chamber  
  72  5:46  Evolution Chamber  
  72  5:47  Drone  
  72  5:48  Drone  
  73  5:56  Drone x2  
  75  6:03  Drone x3  
  78  6:05  Extractor  
  78  6:07  Drone x4  
  78  6:09  Hatchery  
  78  6:10  Zergling x2, Overlord  
  81  6:16  Zerg Ground Armor Level 1  
  81  6:17  Zergling x6  
  84  6:23  Zergling x8, Extractor  
  87  6:29  Zergling x4  
  89  6:33  Zergling x12  
  89  6:37  Zergling x2  
  89  6:38  Baneling x6  
  96  6:43  Zergling x2  
  96  6:45  Hydralisk Den, Overlord  
  96  6:47  Overlord  
  96  6:49  Overlord  
  96  6:51  Overlord  
  96  6:53  Zergling x2  
  97  6:55  Overlord x2  
  97  7:01  Overlord  
  97  7:02  Overlord  
  97  7:03  Overlord  
  97  7:09  Drone x5  
  97  7:12  Drone  
  97  7:14  Zergling x2  
  97  7:15  Zergling x2  
  105  7:19  Muscular Augments, Drone x3  
  105  7:21  Queen  
  110  7:23  Hydralisk x2  
  110  7:27  Zergling x4  
  116  7:32  Pneumatized Carapace  
  116  7:33  Zergling x14  
  116  7:35  Hydralisk  
  116  7:36  Extractor  
  124  7:41  Hydralisk x2  
  128  7:44  Hydralisk  
  128  7:47  Drone x3  
  128  7:49  Hydralisk  
  132  7:53  Zergling x4  
  132  7:56  Zergling x2  
  132  7:57  Zergling x4  
  136  8:01  Zergling x14  
  136  8:05  Hydralisk  
  136  8:06  Hydralisk x2  
  136  8:09  Drone  
  136  8:12  Infestation Pit  
  142  8:14  Zergling x4  
  141  8:20  Hydralisk x4  
  141  8:25  Hydralisk x2  
  141  8:26  Zergling x6  
  154  8:29  Zerg Ground Armor Level 2, Zerg Melee Weapons Level 1  
  154  8:33  Drone x2  
  154  8:34  Drone x3, Evolution Chamber  
  159  8:40  Hydralisk x3  
  163  8:50  Extractor, Overlord  
  162  8:56  Hive, Grooved Spines  
  162  8:57  Zergling x6  
  162  8:59  Baneling x6  
  163  9:05  Drone x3  
  163  9:08  Zergling x8  
  167  9:10  Hatchery  
  167  9:12  Zergling x10  
  167  9:15  Zerg Missile Weapons Level 1  
  171  9:18  Zergling x6  
  171  9:19  Overlord  
  172  9:28  Overlord x4  
  172  9:31  Overlord  
  172  9:38  Zergling x18  
  174  9:44  Zergling x2  
  175  9:47  Drone  
  175  9:49  Drone x3  
  179  9:54  Overseer  
  179  9:55  Zergling x26  
  192  10:01  Baneling x11  
  192  10:02  Zergling x2  
  192  10:03  Zergling x2  
  193  10:09  Zergling x8  
  188  10:15  Viper x3  
  188  10:16  Viper  
  199  10:21  Adrenal Glands  
  199  10:24  Zergling x4  
  199  10:36  Overlord  
  199  10:39  Overlord  
  199  10:40  Overlord  
  199  10:48  Zergling x4  
  199  10:49  Zergling x12  
  199  10:50  Baneling x12  
  197  11:07  Zergling x2  
  197  11:08  Zergling x4  
  200  11:14  Zerg Ground Armor Level 3, Zerg Melee Weapons Level 2  
  200  11:15  Hatchery, Ultralisk Cavern  
  198  11:20  Extractor  
  192  11:29  Zergling x20  
  189  11:37  Hydralisk x8  
  189  11:38  Zergling x28  
  176  11:51  Zergling x20  
  165  12:03  Hydralisk x4  
  165  12:04  Hydralisk x3  
  162  12:19  Hydralisk x5  
  169  12:28  Zergling x18, Extractor  
  177  12:30  Baneling x7  
  176  12:39  Zergling x16  
  173  12:50  Zergling x12  
  177  12:55  Ultralisk  
  177  12:58  Baneling x7  
  183  13:03  Zergling x16  
  188  13:09  Zergling x6  
  188  13:12  Ultralisk  
  178  13:20  Zergling x14  
  178  13:24  Chitinous Plating  
  176  13:27  Zergling x2  
  176  13:28  Zergling x2  
  176  13:29  Zergling x6  
  176  13:33  Zergling x8  
  160  13:36  Zergling x6  
  143  13:49  Ultralisk  
  143  13:51  Zergling x2, Zerg Melee Weapons Level 3  
  143  13:52  Zergling x6  
  153  14:05  Ultralisk  
  159  14:11  Zergling x10  
  159  14:15  Baneling x8  
  159  14:16  Drone  
  165  14:17  Hatchery  
  165  14:22  Zergling x8  
  166  14:27  Zergling x6  
  170  14:34  Zergling x10  
  171  14:38  Zergling x2  
  171  14:39  Zergling x6  
  172  14:45  Hatchery  
  172  14:49  Zergling x8  
  175  14:54  Zergling x4  
  162  15:02  Zergling x8  
  159  15:11  Zergling x12  
  159  15:13  Zergling x2  
  140  15:19  Anabolic Synthesis  
  140  15:21  Zergling x6  
  133  15:29  Ultralisk  
  133  15:33  Baneling x5  
  139  15:38  Drone x2  
  139  15:42  Viper x2  
  141  15:45  Baneling x3  
  148  15:50  Zergling x6  
  148  15:54  Zergling x6  
  148  16:00  Zergling x10  
  140  16:09  Zergling x14  
  140  16:11  Zergling x4  
  146  16:16  Zergling x6  
  146  16:25  Zergling x14  
  144  16:40  Zergling x10  
  149  16:47  Hatchery  
  149  16:52  Baneling x8  
  148  16:57  Ultralisk  
  148  17:00  Zergling x6  
  148  17:01  Zergling x4  
  157  17:08  Zergling x8  
  138  17:17  Zergling x10  
  138  17:22  Zergling x6  
  128  17:27  Zergling x6  
  129  17:30  Zergling x4  
  129  17:36  Zergling x6  
  125  17:48  Zergling x10  
  127  17:56  Zergling x6  
  124  17:58  Zergling x2  
  124  18:02  Drone x2  
  126  18:10  Hydralisk x2  
  128  18:15  Hydralisk  
Show
View Real Time Build Order
Export as new Build Order

Clem Terran - Winner!

Build Orders: Gas First Reaper Expand, Hellion Opening 

Get SALT Encoding   

  12  0:00  SCV  
  13  0:13  SCV  
  14  0:16  Supply Depot  
  14  0:25  SCV  
  15  0:32  Refinery  
  15  0:38  SCV  
  16  0:43  Barracks  
  16  0:50  SCV  
  17  1:02  SCV  
  18  1:14  SCV  
  19  1:30  Orbital Command, Reaper  
  20  1:41  Command Center  
  20  1:52  Factory  
  20  1:56  SCV  
  21  2:08  SCV  
  22  2:10  Barracks Reactor  
  22  2:12  Supply Depot  
  22  2:14  Refinery  
  22  2:20  SCV  
  23  2:33  SCV  
  24  2:44  Starport  
  24  2:45  SCV  
  24  2:49  Hellion x2  
  29  2:52  Barracks Tech Lab  
  29  2:56  Orbital Command  
  29  2:57  SCV  
  30  3:10  SCV  
  30  3:11  Hellion x2  
  35  3:22  SCV x2  
  37  3:29  Viking  
  37  3:31  Supply Depot  
  37  3:34  SCV  
  40  3:37  Hellion x2  
  40  3:39  SCV  
  45  3:47  SCV  
  46  3:49  Supply Depot  
  46  3:53  SCV  
  47  3:58  Armory  
  47  3:59  Barracks Tech Lab, SCV, Medivac  
  52  4:02  Hellion  
  52  4:07  Hellion  
  54  4:11  SCV  
  54  4:12  SCV  
  56  4:23  Command Center  
  56  4:27  SCV x2  
  58  4:36  Marine  
  58  4:37  Factory Reactor, Stimpack  
  58  4:38  Starport Reactor  
  59  4:39  SCV, Supply Depot  
  59  4:41  SCV  
  61  4:51  SCV  
  62  4:53  Barracks x2  
  62  5:00  Marine, SCV  
  62  5:03  SCV  
  65  5:12  SCV  
  65  5:14  Engineering Bay x2  
  64  5:15  SCV  
  64  5:18  Marine  
  64  5:25  SCV  
  64  5:27  SCV  
  49  5:36  Orbital Command, Marine  
  49  5:37  Refinery, SCV  
  49  5:38  Refinery  
  49  5:39  SCV  
  49  5:41  Marine x2  
  49  5:42  Siege Tank  
  57  5:44  Terran Infantry Weapons Level 1, Terran Infantry Armor Level 1  
  57  5:48  Marine  
  57  5:49  Marine, SCV  
  60  5:51  SCV  
  60  5:57  Marine  
  61  5:58  Medivac x2  
  61  6:01  Barracks, SCV  
  61  6:02  Barracks  
  61  6:03  SCV  
  68  6:06  Orbital Command  
  68  6:10  Supply Depot  
  68  6:11  Marine, Armory  
  68  6:12  Marine  
  68  6:13  SCV  
  68  6:14  Marine x2  
  68  6:16  Marine  
  68  6:18  SCV  
  75  6:21  Siege Tank  
  78  6:27  SCV  
  78  6:29  Marine  
  78  6:30  Marine, Supply Depot  
  78  6:32  SCV  
  82  6:34  SCV  
  82  6:36  Supply Depot  
  82  6:37  Marine x2  
  85  6:40  Marine  
  85  6:42  Combat Shield  
  85  6:45  SCV  
  87  6:47  Marine  
  87  6:48  Marine, Barracks Reactor x2  
  87  6:49  Supply Depot  
  87  6:51  SCV, Supply Depot  
  87  6:53  SCV  
  91  6:55  Marine x2, Supply Depot  
  91  6:58  Siege Tank, Marine  
  97  7:01  SCV  
  97  7:03  SCV  
  97  7:05  Marine, Medivac  
  102  7:08  Medivac  
  102  7:09  SCV  
  102  7:11  Marine  
  102  7:13  SCV  
  107  7:16  Barracks Reactor  
  107  7:18  SCV  
  107  7:21  Refinery  
  107  7:22  Barracks Reactor, Supply Depot  
  108  7:23  Refinery, Factory  
  108  7:24  Marine x3, SCV  
  108  7:26  Marine, SCV  
  114  7:35  Supply Depot  
  114  7:37  Marine, Supply Depot  
  114  7:38  Marine x2  
  114  7:39  Siege Tank, SCV x2  
  122  7:45  Marine x4  
  122  7:46  Terran Infantry Weapons Level 2  
  126  7:52  SCV x2  
  126  7:55  Marine x2, SCV  
  126  7:57  Terran Infantry Armor Level 2  
  131  8:01  Marine  
  131  8:04  SCV  
  128  8:05  Marine x2  
  128  8:07  Marine x3  
  128  8:08  SCV  
  128  8:11  Factory Tech Lab  
  134  8:16  Terran Vehicle Weapons Level 1  
  134  8:19  Marine x2  
  134  8:20  Marine  
  134  8:23  Command Center  
  134  8:24  Marine x2  
  133  8:29  Medivac  
  133  8:30  Siege Tank  
  133  8:31  Medivac  
  133  8:33  Siege Tank  
  143  8:34  Marine  
  143  8:36  Marine  
  143  8:37  Marine x2  
  147  8:45  Marine  
  147  8:46  Supply Depot x2  
  148  8:50  Sensor Tower  
  148  8:51  Marine x3  
  148  8:53  Bunker, Marine x2  
  153  8:58  Marine x3  
  156  9:03  Marine  
  156  9:09  Marine x3  
  160  9:11  Marine x2  
  160  9:13  Siege Tank x2  
  160  9:16  Marine x2  
  170  9:18  Supply Depot  
  170  9:19  Marine  
  170  9:20  Medivac  
  173  9:34  Marine x4, Medivac  
  173  9:38  Marine x4  
  175  9:39  Marine  
  175  9:45  Siege Tank  
  183  9:56  Barracks x2  
  183  9:58  Barracks, Siege Tank, Marauder  
  183  9:59  Marine  
  189  10:03  Concussive Shells  
  189  10:04  Marine x2  
  189  10:07  Medivac x2  
  189  10:09  Marine x2  
  189  10:12  Planetary Fortress  
  188  10:17  Siege Tank  
  188  10:19  Marauder  
  193  10:21  Marine  
  193  10:23  Marine  
  185  10:31  Marine x3, Sensor Tower  
  185  10:33  Siege Tank  
  191  10:37  Marine, Medivac x2  
  196  10:43  Marine  
  196  10:46  Barracks Tech Lab x2, Supply Depot  
  196  10:47  Barracks Tech Lab  
  196  10:59  Refinery x2  
  196  11:03  Terran Infantry Weapons Level 3  
  196  11:08  Marauder, SCV x2  
  200  11:15  Terran Vehicle Weapons Level 2  
  200  11:16  Ghost Academy  
  200  11:21  Command Center  
  200  11:29  Marine  
  200  11:30  Marine x2, SCV  
  200  11:31  Siege Tank, SCV  
  200  11:32  Siege Tank, Marine x2  
  196  11:34  Marine  
  196  11:35  Marauder  
  196  11:37  Marine x2, Medivac x2  
  196  11:39  Marauder, Marine  
  176  11:40  Marauder  
  176  11:47  Marine  
  159  11:48  Marine x2  
  159  11:53  Marine  
  159  11:54  Marine x2  
  156  11:56  Marauder  
  156  11:58  Marauder  
  156  12:01  Marine x2, Marauder x2  
  159  12:03  Siege Tank  
  159  12:06  Medivac  
  159  12:07  Medivac  
  159  12:08  Marine x2  
  168  12:10  Marine  
  168  12:11  Marine x2  
  171  12:18  Marine, Marauder  
  171  12:19  Siege Tank, Marine  
  158  12:23  Marine x3  
  158  12:24  Marauder  
  158  12:27  Marine  
  164  12:35  Siege Tank  
  169  12:37  Marauder  
  169  12:39  Marine, Marauder  
  169  12:40  Marine  
  169  12:41  Marine, Marauder  
  169  12:42  Marine x2  
  170  12:45  Marauder  
  170  12:49  Marine  
  170  12:51  Siege Tank, Marine x2  
  168  12:57  Marine  
  175  12:58  Marauder  
  175  12:59  SCV x2  
  175  13:00  Marauder  
  175  13:01  Marine x2  
  175  13:03  Marauder  
  178  13:07  Siege Tank, Marauder, Medivac  
  178  13:10  Marine  
  178  13:11  Marine x3  
  168  13:13  Marine  
  168  13:16  Medivac  
  165  13:20  Marauder  
  165  13:22  Marauder  
  165  13:24  Siege Tank, Marine x3, Marauder  
  161  13:28  Marine, Marauder  
  161  13:29  Marine  
  161  13:31  Refinery  
  163  13:37  Medivac  
  163  13:40  Siege Tank  
  163  13:41  Marauder  
  163  13:42  Marine  
  163  13:43  Marauder  
  163  13:45  Marauder  
  168  13:49  Marauder, Medivac  
  168  13:51  Marine x7  
  168  13:54  Planetary Fortress  
  179  14:01  Sensor Tower  
  181  14:02  Marauder  
  181  14:03  Siege Tank  
  184  14:11  Marauder x2  
  184  14:12  Marauder  
  184  14:13  Marine x4  
  192  14:22  Marine  
  192  14:23  Marine x2  
  194  14:24  Marauder  
  194  14:28  Medivac  
  194  14:30  Medivac  
  190  14:32  Marauder  
  190  14:33  Marauder x2, Marine  
  190  14:34  Marine  
  184  14:45  Siege Tank, Marine, Marauder  
  181  14:46  Siege Tank  
  181  14:47  Marine  
  181  14:49  Marine  
  186  14:54  Marine, Marauder  
  186  14:56  Marauder  
  186  14:58  Medivac  
  192  15:00  Medivac  
  189  15:10  Marauder  
  163  15:15  Marauder  
  163  15:17  Marine x3, Marauder x2  
  163  15:18  Marine x2  
  168  15:22  Siege Tank  
  171  15:28  Medivac  
  171  15:30  Medivac  
  171  15:31  Starport  
  171  15:32  Marauder  
  177  15:37  Marine x5, Marauder  
  177  15:38  Fusion Core  
  177  15:41  Marine x4  
  188  15:43  Marine  
  189  15:53  Marine  
  185  15:58  Marauder  
  185  16:00  Marauder, Medivac  
  185  16:01  Marauder  
  164  16:05  Medivac  
  164  16:06  Marine x2  
  164  16:07  Marine  
  168  16:11  Marauder  
  168  16:14  Marine x2  
  168  16:15  Marine  
  159  16:19  Marauder  
  159  16:21  Marauder, Marine x2, Liberator  
  159  16:23  Marauder  
  161  16:27  Marine x3  
  161  16:30  Medivac  
  161  16:32  Marauder  
  168  16:34  Marine  
  168  16:35  Siege Tank  
  168  16:36  Starport Tech Lab  
  173  16:41  Marauder  
  173  16:43  Marauder  
  173  16:44  Marauder  
  173  16:46  Marine x3  
  178  16:48  Marine x4  
  178  16:52  Marine  
  178  16:53  Marine  
  184  16:55  Siege Tank  
  187  17:02  Marauder  
  187  17:03  Marine  
  187  17:04  Marauder, Marine  
  187  17:05  Marauder  
  195  17:10  Siege Tank  
  195  17:11  Marine  
  195  17:12  Marine  
  200  17:19  Command Center  
  175  17:23  Marine x6, Medivac  
  175  17:24  Marauder  
  165  17:32  Marine x2, Medivac  
  165  17:33  Marauder, Marine x2  
  169  17:41  Marine x3  
  169  17:42  Marine  
  169  17:45  Marauder  
  169  17:46  Siege Tank  
  169  17:50  Siege Tank  
  176  17:51  Marauder x2  
  176  17:54  Marauder, Medivac  
  176  17:55  Marine  
  176  17:57  Marine  
  181  17:58  Marine  
  181  18:04  Marine  
  181  18:05  Marine  
  179  18:06  Marauder  
  179  18:09  Medivac  
  179  18:12  Marauder, Marine  
  187  18:15  Marauder  
  187  18:18  Marine  
  180  18:21  Marine  
Tags
 
Add a new tag
Caveats
  • Supply blocks, unpowered buildings, or Contaminate may cause inaccurate times.
  • Supply counts are checked every 10 seconds.